 Dungeon Crawl Stone Soup version 0.31-a0-1327-g8c40ea976f (webtiles) character file.

Game seed: 4272459339810148088

9324 onderbroekentrol the Grappler (level 11, -4/105 HPs)
             Began as a Troll Berserker on Dec 21, 2023.
             Was a High Priest of Trog.
             Slain by a tentacled starspawn (12 damage)
             ... on level 2 of the Abyss.
             The game lasted 00:39:58 (8702 turns).

onderbroekentrol the Grappler (Troll Berserker)     Turns: 8702, Time: 00:39:59

Health: -4/105     AC: 15    Str: 29    XL:     11   Next: 21%
Magic:  6/6        EV: 11    Int:  7    God:    Trog [*****.]
Gold:   928        SH:  0    Dex:  9    Spells: 10/10 levels left

rFire   . .          .
                       - Unarmed
rCold   . . .        (no shield)
rNeg    + . .        G - +1 acid dragon scales
rPois   .            e - +3 crown of Dyrovepreva {rElec Int+2 SInv}
rElec   +            i - +1 cloak
rCorr   +            (gloves unavailable)
SInv    +            (boots unavailable)
Will    .....        k - amulet of regeneration
Stlth   +            v - ring of positive energy
HPRegen 1.97/turn    (no ring)
MPRegen 0.10/turn

%: random rage (9%)
@: studying Fighting
A: large, unfitting armour, claws 3, regeneration 1, shaggy fur 1, tough skin 1,
[berserk 2], [low MP 3]
a: Renounce Religion, Berserk, Trog's Hand, Brothers in Arms


You were on level 2 of the Abyss.
You worshipped Trog.
Trog was extremely pleased with you.
You visited 3 branches of the dungeon, and saw 11 of its levels.
You visited the Abyss 1 time.
You also visited: Sewer and Ossuary.

You collected 928 gold pieces.

Inventory:

Missiles
 g - 80 stones
 H - 4 javelins
Armour
 e - the +3 crown of Dyrovepreva (worn) {rElec Int+2 SInv}
   (You acquired it on level 4 of the Dungeon)

   Int+2:     It affects your intelligence (+2).
   rElec:     It insulates you from electricity.
   SInv:      It lets you see invisible.
 i - a +1 cloak (worn)
 p - a +0 tower shield
 G - +1 acid dragon scales (worn)
 J - +0 swamp dragon scales
 L - +0 steam dragon scales
Jewellery
 k - an amulet of regeneration (around neck)
 v - a ring of positive energy (left claw)
 w - an amulet of guardian spirit
 E - an amulet of faith
 M - a ring of positive energy
Wands
 a - a wand of roots (9)
 D - a wand of acid (13)
Scrolls
 b - 3 scrolls of teleportation
 n - 2 scrolls of immolation
 r - 4 scrolls of blinking
 s - a scroll of enchant weapon
 y - 2 scrolls of butterflies
 z - a scroll of brand weapon
 A - a scroll of revelation
 I - a scroll of torment {unknown}
 K - a scroll of poison {unknown}
Potions
 c - 2 potions of might
 d - 4 potions of haste
 f - 3 potions of resistance
 h - 4 potions of curing
 j - 3 potions of enlightenment {unknown}
 l - 2 potions of ambrosia {unknown}
 m - 3 potions of attraction {unknown}
 o - a potion of brilliance {unknown}
 q - 4 potions of mutation {unknown}
 t - 2 potions of cancellation {unknown}
 u - a potion of magic {unknown}
 x - a potion of experience {unknown}
 B - a potion of degeneration {unknown}
 F - a potion of heal wounds {unknown}


   Skills:
 * Level 6.1 Fighting
 * Level 2.0 Throwing
 * Level 3.6 Armour
 * Level 6.8 Dodging
 - Level 2.0 Stealth
 * Level 13.7 Unarmed Combat


You had 10 spell levels left.
You didn't know any spells.
Your spell library was empty.

Dungeon Overview and Level Annotations

Branches:
Dungeon (9/15)             Temple (0/1) D:6            Lair (1/5) D:9
    Orc (1/2) D:9           Sewer (visited)         Ossuary (visited)

Altars:
Ashenzari
Elyvilon
Hepliaklqana
Okawaru
Ru
Vehumet
Wu Jian
Yredelemnul

Annotations:
D:7 1 runed translucent door, bezhaha's ghost, novice TrSh
Lair:1 Sonja


Innate Abilities, Weirdness & Mutations

You are too large for most types of armour.
You have claws for hands.
Your natural rate of healing is unusually fast.
You are covered in fur. (AC +1)
You have tough skin. (AC +1)
[You have an uncontrollable temper.]
[Your magical capacity is extremely low. (-30% MP)]


Message History

As you open the door, it creaks loudly!
There is an open door here.
The wretched star glows turbulently.
The lance of force hits you!!
You are knocked back by the lance of force.
The wretched star pulses with an eldritch light!
You feel less energetic.
You closely miss the wretched star. Your claw misses the wretched star.
You mangle the wretched star!!
The wretched star is moderately damaged.
A starspawn tentacle comes into view.
You mangle the wretched star!!
The wretched star is severely damaged.
You claw the tentacled starspawn!
The tentacled starspawn is lightly damaged.
You mangle the tentacled starspawn!! You claw the tentacled starspawn.
The tentacled starspawn is heavily damaged.
The wretched star glows turbulently.
The lance of force hits you!
You are knocked back by the lance of force.
You slam into the rock wall!
You mangle the wretched star!!
You destroy the wretched star!
Trog accepts your kill.
Tentacles burst from the starspawn's body!
Your Throwing skill increases to level 2! 2 starspawn tentacles come into view.
The tentacled starspawn bites you!!
The tentacled starspawn tentacle-slaps you!
The starspawn tentacle barely misses you.
The starspawn tentacle completely misses you.
You claw the starspawn tentacle!
The starspawn tentacle is moderately damaged.
The tentacled starspawn bites you!
The tentacled starspawn tentacle-slaps you!
* * * LOW HITPOINT WARNING * * *
The tentacled starspawn bites you!!
* * * LOW HITPOINT WARNING * * *
The tentacled starspawn tentacle-slaps you!
You die...

###
##.##
#...#
#.###
#@#.#
#X#.#
#ww.#
..##ยง.#
...# ###
..#.. #
#. . ##


You could see a tentacled starspawn and 2 starspawn tentacles.

Vanquished Creatures
  A two-headed ogre (D:8)
  A wretched star (Abyss:2)
  Pikel (D:7)
  An elephant (D:9)
  A manticore (D:8)
  A smoke demon (Abyss:2)
  Maggie (D:9)
  A hornet (D:9)
  Grinder (D:3)
  Sigmund (D:3)
  3 wyverns
  2 yaks (D:9)
  A wraith (D:9)
  Edmund (D:6)
  A steam dragon (D:9)
  Menkaure (D:4)
  An acid dragon (D:8)
  2 ice beasts
  2 black bears
  8 orc warriors
  2 ogres
  A phantom (Sewer)
  2 centaurs (D:6)
  A lemure (D:7)
  2 kobold brigands (D:4)
  4 bullfrogs
  2 necrophages (Sewer)
  2 gnoll sergeants
  7 scorpions
  6 wights
  12 killer bees
  2 howler monkeys
  2 jellies
  2 orc priests (D:8)
  A gnoll bouda (D:5)
  2 sleepcaps
  3 iguanas
  4 scorpion zombies (D:7)
  9 orc wizards
  A killer bee zombie (D:7)
  8 mummies (Ossuary)
  12 gnolls
  2 howler monkey skeletons (D:7)
  10 adders
  3 shadow imps
  A white imp (D:8)
  5 ufetubi
  4 worms
  3 dart slugs
  40 orcs
  5 endoplasms
  4 giant cockroaches
  8 goblins
  7 hobgoblins
  4 jackals (D:4)
  4 quokkas
  9 ball pythons
  7 bats
  2 frilled lizards (D:2)
  2 gnoll zombies (Ossuary)
  3 hobgoblin zombies (Ossuary)
  21 kobolds
  4 kobold zombies
  2 orc zombies (Ossuary)
  9 rats
278 creatures vanquished.

Vanquished Creatures (others)
  2 starspawn tentacles (Abyss:2)
2 creatures vanquished.

Grand Total: 280 creatures vanquished

Notes
Turn   | Place    | Note
-------+----------+-------------------------------------------
     0 | D:1      | onderbroekentrol the Troll Berserker began the quest for
                  | the Orb.
     0 | D:1      | Reached XP level 1. HP: 22/22 MP: 0/0
   169 | D:1      | Reached XP level 2. HP: 29/29 MP: 1/1
  1013 | D:2      | Reached XP level 3. HP: 36/36 MP: 2/2
  1277 | D:2      | Reached ** piety under Trog
  1399 | D:2      | Reached skill level 4 in Unarmed Combat
  1399 | D:2      | Reached XP level 4. HP: 44/44 MP: 3/3
  1998 | D:3      | Noticed Sigmund
  2006 | D:3      | Killed Sigmund
  2007 | D:3      | Reached skill level 5 in Unarmed Combat
  2007 | D:3      | Reached XP level 5. HP: 53/53 MP: 4/4
  2213 | D:3      | Reached XP level 6. HP: 23/61 MP: 5/5
  2366 | D:3      | Noticed Grinder
  2367 | D:3      | Paralysed by Grinder for 4 turns
  2382 | D:3      | Killed Grinder
  2383 | D:3      | Reached skill level 6 in Unarmed Combat
  2383 | D:3      | Reached XP level 7. HP: 67/67 MP: 6/6
  2682 | D:4      | Noticed Menkaure
  2684 | D:4      | Killed Menkaure
  2736 | D:4      | Reached *** piety under Trog
  2758 | D:4      | Reached skill level 7 in Unarmed Combat
  3153 | D:4      | Reached XP level 8. HP: 20/76 MP: 7/7
  3157 | D:4      | Reached skill level 8 in Unarmed Combat
  3409 | D:4      | Found the +10 Black Knight's barding {ponderous, rPois rN+}
  3500 | D:4      | Identified a scroll of acquirement
  3500 | D:4      | Acquired the +3 crown of Dyrovepreva {rElec Int+2 SInv}
  3500 | D:4      | Found the +3 crown of Dyrovepreva {rElec Int+2 SInv}
  3508 | D:5      | Entered Level 5 of the Dungeon
  3530 | D:5      | Reached skill level 5 in Dodging
  3568 | D:5      | Found a glowing drain.
  3582 | Sewer    | Entered a sewer
  3724 | Sewer    | Found an ancient bone altar of Kikubaaqudgha.
  3748 | Sewer    | Reached **** piety under Trog
  3778 | Sewer    | Reached skill level 9 in Unarmed Combat
  4043 | D:5      | Found a broken altar of Ashenzari.
  4163 | D:5      | Reached XP level 9. HP: 81/84 MP: 8/8
  4213 | D:5      | Reached skill level 10 in Unarmed Combat
  4539 | D:5      | Acquired a manual of Fighting
  4824 | D:6      | Found a hazy altar of Hepliaklqana.
  4916 | D:6      | Noticed Edmund
  4925 | D:6      | Killed Edmund
  4999 | D:6      | Reached skill level 1 in Stealth
  5026 | D:6      | Found a staircase to the Ecumenical Temple.
  5323 | D:7      | Reached ***** piety under Trog
  5356 | D:7      | Found a sand-covered staircase.
  5371 | Ossuary  | Entered an ossuary
  5491 | Ossuary  | Reached skill level 1 in Armour
  5731 | D:7      | Reached skill level 11 in Unarmed Combat
  6296 | D:7      | Found a runed translucent door.
  6298 | D:7      | Noticed bezhaha's ghost (novice TrSh)
  6474 | D:8      | Noticed a manticore
  6608 | D:8      | Found a sacrificial altar of Ru.
  6779 | D:8      | Killed a manticore
  6780 | D:8      | Reached skill level 5 in Fighting
  6780 | D:8      | Reached XP level 10. HP: 50/96 MP: 9/9
  7137 | D:8      | Reached skill level 12 in Unarmed Combat
  7138 | D:8      | Received a gift from Trog
  7180 | D:8      | Noticed a two-headed ogre
  7187 | D:8      | Killed a two-headed ogre
  7330 | D:7      | Noticed Pikel
  7346 | D:7      | Killed Pikel
  7576 | D:9      | Noticed an elephant
  7780 | D:9      | Noticed Maggie
  7809 | D:9      | Killed Maggie
  7821 | D:9      | Paralysed by a hornet for 2 turns
  7836 | D:9      | Reached skill level 13 in Unarmed Combat
  7922 | D:9      | Reached skill level 1 in Throwing
  7956 | D:9      | Killed an elephant
  8001 | D:9      | Found a staircase to the Orcish Mines.
  8258 | D:9      | Reached XP level 11. HP: 100/105 MP: 10/10
  8289 | D:9      | Found a staircase to the Lair.
  8302 | D:9      | Found a radiant altar of Vehumet.
  8304 | D:9      | Found a white marble altar of Elyvilon.
  8313 | D:9      | Found an ornate altar of the Wu Jian Council.
  8314 | D:9      | Found a basalt altar of Yredelemnul.
  8320 | D:9      | Found an iron altar of Okawaru.
  8540 | Orc:1    | Entered Level 1 of the Orcish Mines
  8582 | Orc:1    | Noticed an orc warlord
  8613 | Lair:1   | Entered Level 1 of the Lair of Beasts
  8621 | Lair:1   | Noticed Sonja
  8627 | Abyss:2  | Cast into level 2 of the Abyss (Sonja)
  8664 | Abyss:2  | Noticed a tentacled starspawn
  8667 | Abyss:2  | Noticed a wretched star
  8699 | Abyss:2  | Killed a wretched star
  8702 | Abyss:2  | Slain by a tentacled starspawn

Illustrated notes

Levels and vault maps discovered:
D:1:      lemuel_arrival_lava_pool, layout_basic
D:2:      kennysheep_big_flooded_room, layout_loops_corners, st_stairs_1
D:3:      layout_loops_ring, uniq_sigmund, uniq_grinder
D:4:      cheibrodos_thug_alley, layout_loops_ring, minmay_checkerbox,
          uniq_menkaure
D:5:      layout_loops_ring, nicolae_overflow_hidden_temple,
          gup_sewer_entry_bubbles, chequers_jeans,
          nicolae_concentric_dashed_squares_wild
D:6:      layout_rooms, nicolae_hepliaklqana_hippocampus,
          minmay_temple_entry_statues_fountains, lemuel_flame_loot_1,
          uniq_edmund
D:7:      layout_basic, mainiacjoe_ossuary_entry_find_the_door,
          ebering_ghost_inner_flame, uniq_pikel
D:8:      layout_basic, mainiacjoe_overflow_six_doors_small, st_stairs_14
D:9:      layout_loops_ring, minitemple, grunt_lair_entry_orc_guard_hut,
          orc_0_dummy, lightli_orcish_oven, uniq_maggie
Lair:1:   layout_loops_ring, dreamdust_deal_with_the_devil,
          nicolae_quartered_pool_impasse, nicolae_lair_lakeside_cave,
          grunt_megastairs_2, uniq_sonja
Orc:1:    layout_caves
Abyss:2:  base:
D:13

Skill      XL: |  1  2  3  4  5  6  7  8  9 10 11 |
---------------+----------------------------------+-----
Dodging        | 3 4 5 6 |  6.8
Unarmed Combat | 4 5 6 7 9 11 13 | 13.7
Fighting       | 3 4 5 6 |  6.1
Stealth        | 1 2 |  2.0
Armour         | 1 3 |  3.6
Throwing       | 1 2 |  2.0

Action                     |  1- 3 |  4- 6 |  7- 9 | 10-12 || total
---------------------------+-------+-------+-------+-------++-------
  Melee: Unarmed           |    74 |    91 |   396 |   195 ||   756
         Punch             |       |     2 |    18 |    21 ||    41
    Use: Scroll            |     1 |     3 |    10 |     6 ||    20
         Potion            |       |       |       |     2 ||     2
   Stab: Sleeping          |       |       |     2 |       ||     2
 Armour: Animal skin       |    47 |    49 |   252 |    19 ||   367
         Acid dragon scale |       |       |       |   132 ||   132
  Dodge: Dodged            |    31 |    39 |   195 |    99 ||   364

Table legend: (Time is in decaauts)
 A = Elapsed time spent in this place.
 B = Non-inter-level travel time spent in this place.
 C = Inter-level travel time spent in this place.
 D = Time resting spent in this place.
 E = Time spent auto-exploring this place.
 F = Levels seen in this place.
 G = Mean time per level.
                   A        B        C        D        E       F      G
               +--------+--------+--------+--------+--------+-----+--------+
         Total |   8569 |   7240 |   1329 |     36 |   3822 |  14 |  612.1 |
       Dungeon |   7833 |   6504 |   1329 |     21 |   3750 |   9 |  870.3 |
          Lair |     13 |     13 |      0 |      0 |      0 |   1 |   13.0 |
  Orcish Mines |     44 |     44 |      0 |      0 |      0 |   1 |   44.0 |
         Abyss |     71 |     71 |      0 |     15 |      0 |   1 |   71.0 |
         Sewer |    356 |    356 |      0 |      0 |     10 |   1 |  356.0 |
       Ossuary |    250 |    250 |      0 |      0 |     62 |   1 |  250.0 |
               +--------+--------+--------+--------+--------+-----+--------+

Top non-repeatable levels by time:
     D:2: 997 daAuts
     D:7: 965 daAuts
     D:4: 939 daAuts
     D:8: 929 daAuts
     D:9: 926 daAuts
     D:1: 923 daAuts
     D:5: 875 daAuts
     D:6: 653 daAuts
     D:3: 621 daAuts
   Sewer: 356 daAuts
 Ossuary: 250 daAuts
 Abyss:2: 71 daAuts
   Orc:1: 44 daAuts
  Lair:1: 13 daAuts
